 Dungeon Crawl Stone Soup version 0.16.3-4-gc506b73efe (webtiles) character file.

216 B0ngwiz42069 the Charmwright (level 5, -11/35 HPs)
             Began as a High Elf Skald on Dec 26, 2023.
             Was an Initiate of Okawaru.
             Mangled by a goliath beetle (28 damage)
             ... on level 3 of the Dungeon.
             The game lasted 00:08:08 (3777 turns).

B0ngwiz42069 the Charmwright (High Elf Skald)       Turns: 3777, Time: 00:08:08

Health: -11/35     AC:  3    Str: 11    XL:     5   Next: 61%
Magic:  14/16      EV: 12    Int: 17    God:    Okawaru [......]
Gold:   160        SH:  0    Dex: 14    Spells: 3 memorised, 5 levels left

rFire  . . .     SeeInvis .     o - +2 falchion (freeze)
rCold  . . .     Clarity  .     i - +1 robe {rN+}
rNeg   + . .     SustAb   .     (no shield)
rPois  .         Gourm    .     (no helmet)
rElec  .         Spirit   .     (no cloak)
rCorr  .         Warding  .     (no gloves)
rMut   .         Stasis   .     (no boots)
MR     .....                    (no amulet)
Stlth  ++........               (no ring)
                                (no ring)

@: not resistant to hostile enchantments, unstealthy
A: no striking features
a: Renounce Religion


You were on level 3 of the Dungeon.
You worshipped Okawaru.
Okawaru was noncommittal.
You were not hungry.

You visited 1 branch of the dungeon, and saw 3 of its levels.

You collected 160 gold pieces.

Inventory:

Hand weapons
 a - a +0 falchion
 o - a +2 falchion of freezing (weapon)
 v - a +0 blowgun
Missiles
 r - 6 javelins (quivered)
 w - 17 poisoned needles
Armour
 b - a +0 leather armour
 i - a +1 robe of positive energy (worn)
Jewellery
 u - an uncursed ring of fire {unknown}
Scrolls
 f - 2 scrolls of noise {unknown}
 h - 2 scrolls of enchant armour {unknown}
 j - 5 scrolls of identify {unknown}
 m - 2 scrolls of blinking {unknown}
 q - 2 scrolls of teleportation {unknown}
Potions
 e - 4 potions of curing {unknown}
 l - a potion of might {unknown}
 n - a potion of ambrosia {unknown}
 p - a potion of brilliance {unknown}
Books
 c - a book of Battle

   Spells                             Type                      Level
   a - Infusion                       Charms                       1
   b - Shroud of Golubria             Charms/Translocation         2
   c - Song of Slaying                Charms                       2
   d - Spectral Weapon                Hexes/Charms                 3
   e - Regeneration                   Charms/Necromancy            3
Comestibles
 d - 4 bread rations
 g - 3 meat rations
 k - a slice of pizza
 s - a royal jelly
 t - 2 chunks of flesh


   Skills:
 + Level 2.4 Fighting
 + Level 3.0 Long Blades
 - Level 0.8 Armour
 + Level 2.0 Dodging
 + Level 2.1 Stealth
 * Level 4.2 Spellcasting
 * Level 5.1 Charms


You had 5 spell levels left.
You knew the following spells:

 Your Spells              Type           Power        Failure   Level  Hunger
a - Infusion              Chrm           ###...       1%          1    None
b - Regeneration          Chrm/Necr      ##........   17%         3    ###....
c - Spectral Weapon       Hex/Chrm       ##......     17%         3    ###....


Dungeon Overview and Level Annotations

Branches:
Dungeon (3/15)

Altars:
Elyvilon
Fedhas
Kikubaaqudgha
Okawaru
Xom


Message History

The adder is no longer moving slowly.
Your spectral weapon hits the adder.
Your spectral weapon freezes the adder.
You kill the adder!
Okawaru accepts your kill.
Your Stealth skill increases to level 2!
The orc hits you but does no damage.
You hit the orc. You freeze the orc.
You kill the orc!
Okawaru accepts your kill. The goliath beetle bites you!
You see here an orc corpse.
You hit the goliath beetle. You freeze the goliath beetle.
The goliath beetle is lightly wounded.
Your spectral weapon barely misses the goliath beetle.
You hit the goliath beetle but do no damage.
The goliath beetle is lightly wounded.
Your spectral weapon hits the goliath beetle but does no damage.
The goliath beetle bites you!!
Ouch! That really hurt!
You die...

####### ##### #.....#
#...########.###.##
####.#.......รท..# #...
#.../..########.###.##
#...(@..# #.....#
#......B........#######
.##.......##### .
.........## (
.######.## .#.# #.#
#.#.# #.#
######...#######.$
..............####


You could see a goliath beetle and a friendly spectral falchion of freezing.

Vanquished Creatures
  The ghost of B0ngwiz42069 the Charmwright, an average HESk (D:3)
  An orc wizard (D:3)
  3 adders
  A giant mite (D:3)
  A worm (D:2)
  An ooze (D:2)
  5 orcs (D:3)
  2 giant cockroaches (D:1)
  9 hobgoblins
  A quokka (D:2)
  10 bats
  7 giant geckos
  8 giant newts (D:1)
  7 goblins
  10 kobolds
  6 rats
73 creatures vanquished.

Notes
Turn   | Place    | Note
--------------------------------------------------------------
     0 | D:1      | B0ngwiz42069, the High Elf Skald, began the quest for the Orb.
     0 | D:1      | Reached XP level 1. HP: 14/14 MP: 4/4
   161 | D:1      | Reached skill level 4 in Charms
   233 | D:1      | Reached XP level 2. HP: 2/19 MP: 0/6
  1362 | D:1      | Reached XP level 3. HP: 20/24 MP: 7/9
  1412 | D:1      | Learned a level 3 spell: Regeneration
  1416 | D:1      | Learned a level 3 spell: Spectral Weapon
  1496 | D:1      | Reached skill level 1 in Stealth
  2632 | D:2      | Reached XP level 4. HP: 25/29 MP: 9/13
  2838 | D:2      | Found a blossoming altar of Fedhas.
  2838 | D:2      | Found a white marble altar of Elyvilon.
  2838 | D:2      | Found an ancient bone altar of Kikubaaqudgha.
  2838 | D:2      | Found a shimmering altar of Xom.
  2959 | D:3      | Noticed B0ngwiz42069's ghost (average HESk)
  2965 | D:3      | Killed B0ngwiz42069's ghost
  2965 | D:3      | Reached XP level 5. HP: 18/35 MP: 8/15
  3149 | D:3      | Reached skill level 5 in Charms
  3462 | D:3      | Found an iron altar of Okawaru.
  3471 | D:3      | Became a worshipper of Warmaster Okawaru
  3777 | D:3      | Mangled by a goliath beetle

Action                   |  1- 3 |  4- 6 || total
-------------------------+-------+-------++-------
Melee: Falchion          |   165 |    57 ||   222
Throw: Javelin           |       |     3 ||     3
 Cast: Infusion          |     3 |     1 ||     4
       Spectral Weapon   |     9 |     7 ||    16
       Regeneration      |     1 |     5 ||     6
 Stab: Sleeping          |     1 |     1 ||     2
       Distracted        |       |     1 ||     1
  Eat: Chunk             |     7 |     5 ||    12
